 Dungeon Crawl Stone Soup version 0.26-a0-487-gbff1e92059 (webtiles) character file.

Game seed: 7329931420880848509

36 Lovable the Skirmisher (level 3, 0/33 HPs)
             Began as a Draconian Chaos Knight on Aug 2, 2020.
             Was a Plaything of Xom.
             Succumbed to an adder's poison
             ... on level 2 of the Dungeon.
             The game lasted 00:03:12 (890 turns).

Lovable the Skirmisher (Draconian Chaos Knight)      Turns: 890, Time: 00:03:13

Health: 0/33       AC:  5    Str: 15    XL:     3   Next: 19%
Magic:  3/3        EV: 12    Int: 12    God:    Xom [..*...]
Gold:   32         SH:  5    Dex: 10    Spells: 2/2 levels left

rFire    . . .     SeeInvis .   a - +0 falchion (chaos)
rCold    . . .     Faith    .   (no shield)
rNeg     . . .     Spirit   .   (armour unavailable)
rPois    .         Reflect  +   (helmet restricted)
rElec    .         Harm     .   (no cloak)
rCorr    .                      (no gloves)
MR       .....                  (no boots)
Stlth    +.........             c - amulet of reflection
HPRegen  0.11/turn              (no ring)
MPRegen  0.08/turn              (no ring)

@: lethally poisoned (0 -> -9)
A: unfitting armour, cold-blooded, AC +5
a: Renounce Religion


You were on level 2 of the Dungeon.
You worshipped Xom.
You were a toy of Xom.
You visited 1 branch of the dungeon, and saw 2 of its levels.

You collected 32 gold pieces.

Inventory:

Hand Weapons
 a - a +0 falchion of chaos (weapon)
Armour
 f - a +0 pair of gloves
Jewellery
 c - an amulet of reflection (around neck)
Scrolls
 b - a scroll of remove curse
 d - 2 scrolls of identify {unknown}
Potions
 e - a potion of berserk rage {unknown}


   Skills:
 + Level 4.1 Fighting
 + Level 3.3 Long Blades
 + Level 2.5 Dodging


You had 2 spell levels left.
You didn't know any spells.
Your spell library was empty.

Dungeon Overview and Level Annotations

Branches:
Dungeon (2/15)

Altars:


Innate Abilities, Weirdness & Mutations

Your plain brown scales are hard. (AC +5)
You cannot fit into any form of body armour.
You are cold-blooded and may be slowed by cold attacks.


Message History

You hit something.
Nothing appears to happen.
Your tail-slap misses something.
You feel sick. Something bites you.
You completely miss something.
You feel sick. The bat barely misses you.
You riposte.
You slash the bat! You freeze the bat.
You kill the bat!
Something bites you. x2
You are lethally poisoned!
Something poisons you!
You miss something.
* * * LOW HITPOINT WARNING * * *
You feel sick. Something bites you.
* * * LOW HITPOINT WARNING * * *
You closely miss something.
* * * LOW HITPOINT WARNING * * *
You feel sick. Something bites you.
* * * LOW HITPOINT WARNING * * *
Something bites you but does no damage.
You closely miss something.
You die...
Xom guffaws!

.............
.#......##..##.# .# ..
.#......##..##.# .# #..
.#....>.##..##.##.###...
.#..###.##..##..........
.#....)...............
....................#.#.
.#####..#...............
. .............{@<......
...............#..##.##
........#...#...#..#
......................#
.###....#...##..#..##..
#....#...##..##.# #
.............# .#
.#........ .. .. ..... .


There were no monsters in sight!

Vanquished Creatures
  An ooze (D:1)
  A giant cockroach (D:2)
  4 goblins
  4 hobgoblins
  2 jackals (D:1)
  6 kobolds (D:1)
  A quokka (D:2)
  2 bats
  3 frilled lizards (D:1)
  6 rats
30 creatures vanquished.

Notes
Turn   | Place    | Note
-------+----------+-------------------------------------------
     0 | D:1      | Lovable the Draconian Chaos Knight began the quest for the
                  | Orb.
     0 | D:1      | Reached XP level 1. HP: 19/19 MP: 1/1
   132 | D:1      | Reached XP level 2. HP: 27/27 MP: 2/2
   157 | D:1      | XOM: silly message
   277 | D:1      | XOM: noise
   387 | D:1      | Reached skill level 4 in Fighting
   418 | D:1      | XOM: silly message
   433 | D:1      | XOM: noise
   591 | D:1      | XOM: silly message
   614 | D:1      | XOM: silly message
   818 | D:2      | Reached XP level 3. HP: 33/33 MP: 3/3
   889 | D:2      | HP: 1/33 [something (2)]
   890 | D:2      | Succumbed to an adder's poison

Illustrated notes

Levels and vault maps discovered:
D:1:      giann_bridges, layout_basic
D:2:      layout_basic, lightli_temple_of_fire, uniq_jessica

Skill      XL: |  1  2 |
---------------+-------+-----
Fighting       | 4 |  4.1
Long Blades    | |  3.3
Dodging        | |  2.5

Action                   || total
-------------------------++-------
Melee: Falchion          ||    62
       Tailslap          ||     7
  Use: Scroll            ||     2
 Stab: Sleeping          ||     1
Armor: Skin              ||    20
Dodge: Dodged            ||    60
Block: Other             ||     7
       Rpst.: Falchion   ||    25

Table legend: (Time is in decaauts)
 A = Elapsed time spent in this place.
 B = Non-inter-level travel time spent in this place.
 C = Inter-level travel time spent in this place.
 D = Time resting spent in this place.
 E = Time spent auto-exploring this place.
 F = Levels seen in this place.
 G = Mean time per level.
                   A        B        C        D        E       F      G
               +--------+--------+--------+--------+--------+-----+--------+
         Total |    898 |    863 |     35 |     83 |    424 |   2 |  449.0 |
       Dungeon |    898 |    863 |     35 |     83 |    424 |   2 |  449.0 |
               +--------+--------+--------+--------+--------+-----+--------+

Top non-repeatable levels by time:
     D:1: 668 daAuts
     D:2: 229 daAuts
